 Dungeon Crawl Stone Soup version 0.20.0-8-g6b59dc7 (webtiles) character file.

421 MTVSty1e the Ruffian (level 6, 0/53 HPs)
             Began as a Draconian Transmuter on June 2, 2017.
             Slain by a water moccasin zombie (8 damage)
             ... in an ossuary.
             The game lasted 00:07:31 (3956 turns).

MTVSty1e the Ruffian (Draconian Transmuter)         Turns: 3956, Time: 00:07:32

Health: 0/53       AC:  2    Str: 14    XL:     6   Next: 62%
Magic:  1/9        EV: 19    Int: 14    God:
Gold:   117        SH:  0    Dex: 16    Spells: 5/9 levels left

rFire    . . .     SeeInvis .     - Unarmed
rCold    . . .     Gourm    .   (shield currently unavailable)
rNeg     . . .     Faith    .   (armour unavailable)
rPois    x         Spirit   .   (helmet currently unavailable)
rElec    .         Reflect  .   (cloak currently unavailable)
rCorr    .         Harm     .   (gloves currently unavailable)
MR       .....                  (boots currently unavailable)
Stlth    +.........             (no amulet)
Regen    0.2/turn               (no ring)
MPRegen  0.2/turn               (no ring)

@: spider-form
A: unfitting armour, AC +6
a: End Transformation


You were in an ossuary.
You were hungry.
You were a venomous arachnid creature.
You visited 1 branch of the dungeon, and saw 4 of its levels.
You also visited: Ossuary.

You collected 117 gold pieces.

Inventory:

Missiles
 a - 60 arrows
Armour
 q - a +0 pair of gloves (melded)
Scrolls
 e - 4 scrolls of remove curse {unknown}
 i - 3 scrolls of teleportation
 l - a scroll of enchant armour
 m - a scroll of identify
Potions
 c - 2 potions of magic
 f - a potion of curing {unknown}
 g - a potion of lignification {unknown}
 h - a potion of heal wounds {unknown}
 j - a potion of might {unknown}
 n - a potion of degeneration {unknown}
 o - 2 potions of mutation {unknown}
 p - a potion of brilliance {unknown}
Books
 b - a book of Changes

   Spells                             Type                      Level
   a - Beastly Appendage              Transmutation                1
   b - Sticks to Snakes               Transmutation                2
   c - Spider Form                    Transmutation/Poison         3
   d - Ice Form                       Ice/Transmutation            4
   e - Blade Hands                    Transmutation                5
Comestibles
 d - 2 meat rations
 k - a bread ration


   Skills:
 + Level 4.4 Fighting
 - Level 1.7 Dodging
 * Level 5.4 Unarmed Combat
 - Level 2.0 Spellcasting
 * Level 3.7 Transmutations


You had 5 spell levels left.
You knew the following spells:

 Your Spells              Type           Power        Failure   Level  Hunger
a - Beastly Appendage     Tmut           ##....       16%         1    ##.....
b - Spider Form           Tmut/Pois      #.........   54%         3    ####...


Dungeon Overview and Level Annotations

Branches:
Dungeon (4/15)
 Temple: D:4-7

Altars:


Innate Abilities, Weirdness & Mutations

((Your plain brown scales are hard. (AC +6)))
You cannot fit into any form of body armour.
((You are cold-blooded and may be slowed by cold attacks.))


Message History

You turn into a venomous arachnid creature.
Your +0 pair of gloves melds into your body.
The water moccasin zombie bites you.
Your magical contamination has completely faded away.
You hit the water moccasin zombie.
The water moccasin zombie is heavily damaged.
The water moccasin zombie completely misses you.
You barely miss the water moccasin zombie.
The water moccasin zombie is heavily damaged.
The water moccasin zombie bites you.
* * * LOW HITPOINT WARNING * * *
You hit the water moccasin zombie but do no damage.
The water moccasin zombie is heavily damaged.
You are feeling hungry.
The water moccasin zombie bites you.
* * * LOW HITPOINT WARNING * * *
You hit the water moccasin zombie.
The water moccasin zombie is heavily damaged.
The water moccasin zombie bites you!
You die... #+### #...# #...# ...# ZZ#

###Z# #.^s#
#.^^# #.^^#
#^.^# ##'##
#^..#
#^^^##### ###
#^..#...#!!!!#
#^..'.∩.#?(!?+


You could see a water moccasin zombie, a kobold zombie and a big kobold zombie.

Vanquished Creatures
  The ghost of miragecloak the Changer, an amateur OpTm (D:3)
  2 water moccasin zombies (Ossuary)
  A worker ant (D:4)
  A mummy (D:4)
  Robin (D:1)
  6 adders
  2 oozes
  An adder zombie (Ossuary)
  4 worms (D:2)
  A dart slug (D:2)
  8 leopard geckos
  2 orcs (D:3)
  4 giant cockroaches
  7 hobgoblins
  3 jackals (D:1)
  11 kobolds
  3 ball pythons
  4 bats
  6 frilled lizards
  14 goblins
  2 kobold zombies
  An orc zombie (D:4)
  7 rats
92 creatures vanquished.

Vanquished Creatures (others)
  Natasha (D:2)
1 creature vanquished.

Grand Total: 93 creatures vanquished

Notes
Turn   | Place    | Note
-------+----------+-------------------------------------------
     0 | D:1      | MTVSty1e the Draconian Transmuter began the quest for the Orb.
     0 | D:1      | Reached XP level 1. HP: 16/16 MP: 3/3
   397 | D:1      | Reached XP level 2. HP: 20/24 MP: 3/5
   608 | D:1      | Reached XP level 3. HP: 9/30 MP: 4/6
  1102 | D:2      | Noticed Robin
  1110 | D:1      | Learned a level 3 spell: Spider Form
  1419 | D:1      | Killed Robin
  1419 | D:1      | Reached XP level 4. HP: 14/38 MP: 3/7
  1650 | D:2      | Reached skill level 4 in Unarmed Combat
  2191 | D:2      | Noticed Natasha
  2204 | D:2      | Killed Natasha
  2489 | D:2      | Reached XP level 5. HP: 43/46 MP: 6/8
  3075 | D:3      | Noticed miragecloak's ghost (amateur OpTm)
  3270 | D:3      | Killed miragecloak's ghost
  3270 | D:3      | Reached skill level 5 in Unarmed Combat
  3446 | D:4      | Reached XP level 6. HP: 33/52 MP: 9/9
  3622 | D:4      | Found a sand-covered staircase.
  3637 | Ossuary  | Entered an ossuary
  3956 | Ossuary  | Slain by a water moccasin zombie

Skill      XL: |  1  2  3  4  5 |
---------------+----------------+-----
Fighting       | 2 3 4 |  4.4
Unarmed Combat | 4 5 |  5.4
Transmutations | 3 |  3.7
Dodging        | |  1.7
Spellcasting   | |  2.0

Action                   |  1- 3 |  4- 6 || total
-------------------------+-------+-------++-------
Melee: Unarmed           |   126 |   241 ||   367
       Kick              |    12 |    15 ||    27
       Tailslap          |    14 |    16 ||    30
       Headbutt          |     5 |    11 ||    16
       Punch             |       |     3 ||     3
 Cast: Beastly Appendage |    20 |    33 ||    53
       Spider Form       |     2 |     3 ||     5
  Use: Scroll            |       |     4 ||     4
 Stab: Sleeping          |     1 |       ||     1
  Eat: Bread ration      |     1 |       ||     1
       Fruit             |       |     3 ||     3
       Meat ration       |       |     1 ||     1
Armor: Skin              |    42 |    70 ||   112
Dodge: Dodged            |    98 |   149 ||   247
